 Dungeon Crawl Stone Soup version 0.18-a0-1666-g3ea6f2b (webtiles) character file.

32178 Kidiri the Thaumaturge (level 13, -6/74 HPs)
             Began as a Deep Elf Fire Elementalist on Mar 31, 2016.
             Was a High Priest of Vehumet.
             Mangled by a death yak (15 damage)
             ... on level 6 of the Lair of Beasts.
             The game lasted 02:26:25 (23159 turns).

Kidiri the Thaumaturge (DEFE)                      Turns: 23159, Time: 02:26:26

Health: -6/74      AC: 15    Str:  5      XL:     13   Next: 30%
Magic:  25/38      EV: 15    Int: 33 (34) God:    Vehumet [*****.]
Gold:   798        SH: 10    Dex: 13 (14) Spells: 11 memorised, 2 levels left

rFire  . . .     SeeInvis .     m - +2 dagger (venom)
rCold  . . .     Gourm    .     o - +0 leather armour "Dell" {+Fly rCorr}
rNeg   . . .     Faith    .     a - +2 shield
rPois  .         Spirit   .     z - +2 hat {Int+3}
rElec  .         Dismiss  .     (no cloak)
rCorr  +         Reflect  .     h - +2 pair of gloves
SustAt .         Harm     .     n - +1 pair of boots
MR     +++..                    (no amulet)
Stlth  ++........               R - ring of magical power
                                r - +5 ring of intelligence

@: lethally poisoned (-6 -> -7), extremely resistant to hostile enchantments,
unstealthy
A: horns 1, rough black scales 1, deterioration 1, low mp 1, magic resistance 2
a: Renounce Religion, Evoke Flight


You were on level 6 of the Lair of Beasts.
You worshipped Vehumet.
Vehumet was extremely pleased with you.
You were not hungry.

You visited 3 branches of the dungeon, and saw 18 of its levels.

You collected 798 gold pieces.

Inventory:

Hand Weapons
 m - a +2 dagger of venom (weapon)
Missiles
 Q - 3 throwing nets (quivered)
Armour
 a - a +2 shield (worn)
 h - a +2 pair of gloves (worn)
 n - a +1 pair of boots (worn)
 o - the +0 leather armour "Dell" (worn) {+Fly rCorr}
   (You found it on level 10 of the Dungeon)

   It lets you fly.
   It protects you from acid and corrosion.
 z - a +2 hat of intelligence (worn)
Jewellery
 r - a +5 ring of intelligence (left hand)
 t - a +3 ring of intelligence
 E - an uncursed ring of poison resistance
 H - an uncursed ring of fire
 R - a ring of magical power (right hand)
Wands
 p - a wand of iceblast (12/15)
 I - a wand of acid (7/15)
 M - a wand of iceblast (3/15)
Scrolls
 b - 3 scrolls of fog
 e - a scroll of amnesia
 i - 2 scrolls of identify
 l - 2 scrolls of fear
 u - a scroll of enchant armour
 w - 2 scrolls of blinking
 B - 2 scrolls of magic mapping
 K - 5 scrolls of teleportation
 L - 3 scrolls of remove curse
 N - a scroll of vulnerability {unknown}
Potions
 d - 5 potions of lignification
 f - 3 potions of agility
 g - 2 potions of brilliance
 j - 2 potions of invisibility
 q - 9 potions of curing
 s - 2 potions of cure mutation
 v - 4 potions of flight
 x - 2 potions of cancellation
 A - 2 potions of resistance
 F - a potion of might
 G - a potion of heal wounds
Books
 y - a book of the Sky

   Spells                             Type                      Level
   a - Summon Lightning Spire         Summoning/Air                4
   b - Airstrike                      Air                          4
   c - Silence                        Hexes/Air                    5
   d - Deflect Missiles               Charms/Air                   6
   e - Conjure Ball Lightning         Conjuration/Air              6
   f - Tornado                        Air                          9
Comestibles
 c - 11 bread rations
 C - a royal jelly
 D - 7 meat rations
 J - 3 beef jerkies
 O - 8 fruits


   Skills:
 + Level 5.7 Fighting
 + Level 5.2 Armour
 * Level 11.1 Dodging
 - Level 2.4 Stealth
 + Level 5.1 Shields
 * Level 13.1 Spellcasting
 + Level 7.6 Conjurations
 + Level 8.5 Hexes
 + Level 2.8 Charms
 + Level 8.4 Fire Magic
 + Level 4.1 Air Magic
 + Level 5.4 Earth Magic
 + Level 3.5 Poison Magic
 + Level 4.7 Evocations


You had 2 spell levels left.
You knew the following spells:

 Your Spells              Type           Power        Failure   Level  Hunger
a - Flame Tongue          Conj/Fire      #####        1%          1    None
b - Throw Flame           Conj/Fire      ######       1%          2    None
c - Conjure Flame         Conj/Fire      ######..     1%          3    None
d - Inner Flame           Hex/Fire       ######..     1%          3    None
e - Sticky Flame          Conj/Fire      ######..     1%          4    None
f - Fireball              Conj/Fire      ######....   4%          5    None
g - Sandblast             Erth           ######       1%          1    None
h - Olgreb's Toxic Radia  Pois           #####...     9%          4    None
i - Mephitic Cloud        Conj/Pois/Air  ######..     1%          3    None
j - Airstrike             Air            #####.....   7%          4    None
k - Deflect Missiles      Chrm/Air       #####.....   100%        6    ###....


Dungeon Overview and Level Annotations

Branches:
Dungeon (11/15)            Temple (1/1) D:7            Lair (6/8) D:11
    Orc (0/2) D:11
  Swamp: Lair:3-6    Shoals: Lair:3-6     Snake: Lair:3-6    Spider: Lair:3-6
  Slime: Lair:6-8

Altars:
Ashenzari
Cheibriados
Dithmenos
Elyvilon
Fedhas
Gozag
Kikubaaqudgha
Makhleb
Nemelex Xobeh
Okawaru
Pakellas
Qazlal
Ru
Sif Muna
Trog
Vehumet
Xom
Yredelemnul
Zin
The Shining One

Shops:
D:6 (


Innate Abilities, Weirdness & Mutations

You have a pair of small horns on your head.
You are partially covered in rough black scales (AC +4, Dex -1).
Your body sometimes deteriorates upon taking damage.
Your magical capacity is low (-10% MP).
You are highly resistant to hostile enchantments.


Message History

Unknown command.
You hit the death yak but do no damage.
The death yak looks even sicker.
You headbutt the death yak, but do no damage.
The death yak is almost dead.
The death yak gores the fungus!
The death yak gores you!!
Unknown command.
Casting: Fireball
Confirm with . or Enter, or press ? or * to list all spells.
Aiming: Flame Tongue
Press: ? - help, Shift-Dir - straight line, f - death yak
Aim: a death yak (almost dead, poisoned)
The flame tongue hits the death yak.
The death yak is almost dead.
The death yak gores you!
Your body deteriorates!
You feel dopey.
Unknown command.
You feel sick. The death yak gores you!
* * * LOW HITPOINT WARNING * * *
The death yak gores you!
You die...

...P#..........P#..#...#≈≈#
....P...................≈≈#
.....................≈≈#
.....................≈≈#
......P#....#......#.≈≈## #
....................≈≈≈#####
.......>....##.P..P..≈≈≈≈≈≈≈
...........Y..#......≈≈§§≈≈
........@YY...........§..
####.....Y#P#.....#.P##..
##P#.########.######.# ####
#.## ##. ## ##


You could see 4 death yaks.

Vanquished Creatures
  Fannar (Lair:2)
  3 hydras
  Erolcha (D:9)
  Erica (Lair:2)
  A death yak (Lair:6)
  Pikel (D:5)
  3 hill giants
  An ugly thing (D:11)
  4 spiny frogs
  9 komodo dragons
  The ghost of Sagrath01 the Covert, a novice KoAs of Pakellas (D:5)
  A merfolk (D:10)
  3 trolls
  Grinder (D:3)
  2 two-headed ogres
  4 blink frogs (Lair:5)
  A hornet zombie (D:10)
  A boulder beetle (D:8)
  A wyvern (Lair:5)
  A basilisk (Lair:1)
  45 yaks
  5 hippogriffs
  3 vampire mosquitoes
  Menkaure (D:4)
  3 hungry ghosts
  2 soldier ants (D:10)
  8 water moccasins
  6 porcupines
  3 ice beasts
  A slave (D:5)
  A swamp drake (D:11)
  10 orc warriors
  3 sky beasts
  A black bear (D:7)
  A necrophage (D:9)
  An eye of draining (D:9)
  4 ogres
  2 phantoms
  4 centaurs
  A wolf (Lair:3)
  13 crocodiles
  6 big kobolds
  18 giant frogs
  2 gnoll sergeants (D:11)
  A water moccasin skeleton (D:5)
  11 killer bees
  3 scorpions
  5 wights
  2 electric eels (Lair:5)
  2 howler monkeys
  9 crimson imps
  A giant frog zombie (D:7)
  5 hounds
  2 centaur zombies
  7 orc priests
  15 orc wizards
  A centaur skeleton (D:9)
  3 giant frog skeletons
  2 jellies (D:11)
  Jessica (D:2)
  Ijyb (D:2)
  Terence (D:3)
  12 iguanas
  Natasha (thrice) (D:2)
  12 worker ants
  8 sheep
  2 worker ant zombies
  10 gnolls
  13 adders
  26 river rats
  2 shadow imps
  2 oozes
  2 adder skeletons
  2 adder zombies
  A worm (D:2)
  A dart slug (D:2)
  7 giant geckos
  46 orcs
  5 giant cockroaches
  7 goblins
  11 hobgoblins
  8 jackals
  8 quokkas
  2 ball pythons
  3 bats
  7 giant newts
  A jackal skeleton (D:5)
  24 kobolds
  3 quokka skeletons
  7 rats
  A plant (Lair:2)
493 creatures vanquished.

Vanquished Creatures (others)
  A slave (D:5)
  A shadow imp (D:5)
  2 fungi (Lair:5)
4 creatures vanquished.

Grand Total: 497 creatures vanquished

Notes
Turn   | Place    | Note
--------------------------------------------------------------
     0 | D:1      | Kidiri the Deep Elf Fire Elementalist began the quest for the Orb.
     0 | D:1      | Reached XP level 1. HP: 10/10 MP: 6/6
   250 | D:1      | Reached XP level 2. HP: 16/16 MP: 5/8
   254 | D:1      | Learned a level 2 spell: Throw Flame
  1117 | D:2      | Reached XP level 3. HP: 20/20 MP: 2/10
  1122 | D:2      | Learned a level 3 spell: Conjure Flame
  1126 | D:2      | Learned a level 3 spell: Inner Flame
  1158 | D:2      | Noticed Ijyb
  1252 | D:2      | Killed Ijyb
  1252 | D:2      | Reached skill level 4 in Spellcasting
  1446 | D:2      | Reached skill level 1 in Hexes
  1469 | D:2      | Reached XP level 4. HP: 21/24 MP: 6/12
  1472 | D:2      | Noticed Jessica
  1477 | D:2      | Killed Jessica
  1477 | D:2      | Reached skill level 1 in Fighting
  1497 | D:2      | Noticed Natasha
  1655 | D:2      | Killed Natasha
  1665 | D:2      | Noticed Natasha
  1671 | D:2      | Killed Natasha
  1671 | D:2      | Reached XP level 5. HP: 12/29 MP: 3/14
  2030 | D:2      | Found a bloodstained altar of Trog.
  2151 | D:2      | Noticed Natasha
  2157 | D:2      | Killed Natasha
  2233 | D:2      | Reached skill level 5 in Spellcasting
  2244 | D:2      | Learned a level 4 spell: Sticky Flame
  2435 | D:3      | Noticed Terence
  2445 | D:3      | Killed Terence
  2454 | D:3      | Found a faded altar to an unknown god.
  2639 | D:3      | Noticed Grinder
  2649 | D:3      | Killed Grinder
  2649 | D:3      | Reached XP level 6. HP: 23/35 MP: 5/16
  3028 | D:4      | Found a basalt altar of Yredelemnul.
  3028 | D:4      | Found a shadowy altar of Dithmenos.
  3029 | D:4      | Found a blossoming altar of Fedhas.
  3309 | D:4      | Noticed Menkaure
  3817 | D:4      | Reached XP level 7. HP: 40/40 MP: 10/17
  4005 | D:4      | Killed Menkaure
  4005 | D:4      | Reached skill level 6 in Spellcasting
  4110 | D:3      | Found an iron altar of Okawaru.
  4188 | D:5      | Entered Level 5 of the Dungeon
  4321 | D:5      | Learned a level 5 spell: Fireball
  4329 | D:5      | Reached skill level 1 in Shields
  4432 | D:5      | Reached skill level 1 in Armour
  4593 | D:5      | Reached skill level 7 in Spellcasting
  4593 | D:5      | Reached XP level 8. HP: 32/45 MP: 9/20
  4597 | D:5      | Gained mutation: You have a pair of small horns on your head. [mutagenic meat]
  4598 | D:5      | Gained mutation: You are resistant to hostile enchantments. [mutagenic meat]
  4600 | D:5      | Gained mutation: Your body sometimes deteriorates upon taking damage. [mutagenic meat]
  4601 | D:5      | Gained mutation: You are highly resistant to hostile enchantments. [mutagenic meat]
  4743 | D:5      | You fall through a shaft for 3 floors!
  4779 | D:7      | Got a translucent chain mail
  4804 | D:7      | Identified the +8 chain mail of Royalty {Stlth+} (You found it on level 7 of the Dungeon)
  4937 | D:7      | Reached skill level 5 in Dodging
  4937 | D:7      | Reached skill level 5 in Fire Magic
  5346 | D:6      | Found a sparkling altar of Nemelex Xobeh.
  5381 | D:6      | Reached skill level 8 in Spellcasting
  5673 | D:5      | Noticed Pikel
  5806 | D:5      | Killed Pikel
  5806 | D:5      | Reached XP level 9. HP: 51/51 MP: 2/23
  6442 | D:5      | Noticed Sagrath01's ghost (novice KoAs)
  6455 | D:5      | Killed Sagrath01's ghost
  6499 | D:5      | Reached skill level 5 in Hexes
  6804 | D:6      | Reached skill level 9 in Spellcasting
  6814 | D:6      | Reached skill level 5 in Conjurations
  7029 | D:6      | Found Diment Zoigi's Weapon Shop.
  7487 | D:6      | Noticed a troll
  7499 | D:6      | Killed a troll
  7674 | D:7      | Found a staircase to the Ecumenical Temple.
  7700 | Temple   | Entered the Ecumenical Temple
  7865 | Temple   | Became a worshipper of Vehumet
  8167 | D:7      | Found a sparkling altar of Nemelex Xobeh.
  8235 | D:7      | Reached * piety under Vehumet
  8235 | D:7      | Offered knowledge of Sandblast by Vehumet.
  8238 | D:7      | Learned a level 1 spell: Sandblast
  8548 | D:7      | Reached XP level 10. HP: 45/56 MP: 25/25
  9245 | D:8      | Offered knowledge of Shock by Vehumet.
  9248 | D:8      | Learned a level 1 spell: Shock
  9516 | D:8      | Reached ** piety under Vehumet
  9516 | D:8      | Reached skill level 1 in Earth Magic
  9776 | D:8      | Found a stormy altar of Qazlal.
  9777 | D:8      | Found a white marble altar of Elyvilon.
 10420 | D:9      | Noticed Erolcha
 10421 | D:9      | Reached skill level 10 in Spellcasting
 10436 | D:9      | Killed Erolcha
 11324 | D:9      | Found a sacrificial altar of Ru.
 11414 | D:9      | Reached skill level 1 in Air Magic
 12023 | D:10     | Entered Level 10 of the Dungeon
 12055 | D:10     | Got a smoking leather armour
 12141 | D:10     | Noticed a hill giant
 12506 | D:10     | Reached XP level 11. HP: 37/62 MP: 22/27
 12535 | D:10     | Identified the +0 leather armour "Dell" {+Fly rCorr} (You found it on level 10 of the Dungeon)
 12559 | D:10     | Killed a hill giant
 12559 | D:10     | Offered knowledge of Static Discharge by Vehumet.
 12790 | D:10     | Reached skill level 1 in Evocations
 13311 | D:10     | Noticed a hill giant
 13321 | D:10     | Killed a hill giant
 13321 | D:10     | Reached *** piety under Vehumet
 13639 | D:11     | Reached skill level 11 in Spellcasting
 14297 | D:11     | Offered knowledge of Olgreb's Toxic Radiance by Vehumet.
 14308 | D:11     | Learned a level 4 spell: Olgreb's Toxic Radiance
 14467 | D:11     | Noticed a hill giant
 14482 | D:11     | Killed a hill giant
 14482 | D:11     | Reached skill level 5 in Fighting
 14682 | D:11     | Reached **** piety under Vehumet
 14988 | D:11     | Offered knowledge of Mephitic Cloud by Vehumet.
 15289 | D:11     | Found a staircase to the Orcish Mines.
 15325 | D:11     | Reached ***** piety under Vehumet
 15451 | D:11     | Noticed a brown ugly thing
 15473 | D:11     | Killed a brown ugly thing
 15473 | D:11     | Reached skill level 1 in Poison Magic
 15821 | D:11     | Learned a level 3 spell: Mephitic Cloud
 15857 | D:11     | Offered knowledge of Force Lance by Vehumet.
 15869 | D:11     | Reached skill level 10 in Dodging
 15871 | D:11     | Reached XP level 12. HP: 68/68 MP: 25/29
 15964 | D:11     | Found a staircase to the Lair.
 15966 | D:11     | Identified a +1 rod of ignition (13/13) (You found it on level 11 of the Dungeon)
 16174 | Lair:1   | Entered Level 1 of the Lair of Beasts
 17027 | Lair:1   | Reached skill level 12 in Spellcasting
 18148 | Lair:2   | Noticed Fannar
 18165 | Lair:2   | Killed Fannar
 18487 | Lair:2   | Learned a level 6 spell: Deflect Missiles
 18494 | Lair:2   | Noticed Erica
 18505 | Lair:2   | Killed Erica
 18592 | Lair:2   | Reached skill level 5 in Earth Magic
 18641 | Lair:2   | Noticed an eight-headed hydra
 18664 | Lair:2   | Killed an eight-headed hydra
 18664 | Lair:2   | Reached skill level 5 in Armour
 18664 | Lair:2   | Reached skill level 1 in Charms
 19477 | Lair:3   | Noticed a six-headed hydra
 19486 | Lair:3   | Killed a six-headed hydra
 19873 | Lair:3   | Noticed a six-headed hydra
 19887 | Lair:3   | Killed a six-headed hydra
 20563 | Lair:4   | Reached XP level 13. HP: 36/74 MP: 31/31
 20740 | Lair:4   | Learned a level 4 spell: Airstrike
 22362 | Lair:5   | Reached skill level 5 in Shields
 22377 | Lair:5   | Reached skill level 13 in Spellcasting
 22415 | Lair:5   | Offered knowledge of Bolt of Fire by Vehumet.
 23104 | Lair:6   | Gained mutation: Your magical capacity is low (-10% MP). [potion of mutation]
 23104 | Lair:6   | Gained mutation: You are partially covered in rough black scales (AC +4, Dex -1). [potion of mutation]
 23159 | Lair:6   | Mangled by a death yak

Vault maps used:
D:1:      wheals_arrival_shading, hangedman_decor_growths,
          hangedman_glass_teeth, corexii_hall_statues_i
D:2:      overflow_temple_1_default, first_bread, uniq_jessica, uniq_natasha,
          uniq_iyjb
D:3:      nicolae_overflow_hidden_temple, ecumenical_altar_1, uniq_terence,
          uniq_grinder
D:4:      gammafunk_temple_overflow_claw, uniq_menkaure
D:5:      uniq_pikel
D:6:      serial_shops, shop, minivault_26, hangedman_decor_diamond_cutter,
          nemelex_dance_club_becter
D:7:      corexii_shack_village, nemelex_xobeh_ov_fountains_minmay,
          minmay_temple_entry_trees
D:8:      boulder_corridor_run, minitemple
D:9:      nicolae_ru_the_path_less_chosen, uniq_erolcha
D:10:     hangedman_fish_farm
D:11:     erik_lair_dragon, kennysheep_orc_monster_closet_entryway
Temple:   bh_familiar_temple
Lair:2:   grunt_megastairs_3, uniq_fannar, uniq_erica
Lair:3:   st_stairs_7, infiniplex_staircase_pool
Lair:5:   minivault_24, serial_bayou_shore_a, infiniplex_staircase_pool_2
Lair:6:   minmay_shoals_entry_hut, spider_nest_entry_rubble, uniq_snorg

Skill      XL: |  1  2  3  4  5  6  7  8  9 10 11 12 13 |
---------------+----------------------------------------+-----
Dodging        | 3 4 6 7 8 10 11 | 11.1
Spellcasting   | 4 5 7 8 9 10 11 12 13 | 13.1
Hexes          | 1 2 3 4 5 6 7 8 |  8.5
Fighting       | 1 2 3 4 5 |  5.7
Conjurations   | 2 3 4 5 6 7 |  7.6
Fire Magic     | 4 5 6 7 8 |  8.4
Shields        | 1 2 3 4 5 |  5.1
Armour         | 1 2 3 4 5 |  5.2
Earth Magic    | 2 4 5 |  5.4
Air Magic      | 1 3 4 |  4.1
Evocations     | 2 4 |  4.7
Poison Magic   | 1 3 |  3.5
Charms         | 2 |  2.8
Stealth        | |  2.4

Action                   |  1- 3 |  4- 6 |  7- 9 | 10-12 | 13-15 || total
-------------------------+-------+-------+-------+-------+-------++-------
Melee: Dagger            |    16 |     5 |   245 |   373 |    45 ||   684
Throw: Throwing net      |       |       |       |     2 |       ||     2
 Cast: Flame Tongue      |    43 |    48 |   250 |   477 |    74 ||   892
       Throw Flame       |    15 |    31 |    39 |    91 |    18 ||   194
       Sticky Flame      |       |       |    19 |    76 |    12 ||   107
       Conjure Flame     |       |       |     4 |    27 |     1 ||    32
       Shock             |       |       |       |     4 |       ||     4
       Inner Flame       |       |       |       |    12 |       ||    12
       Fireball          |       |       |       |    11 |     7 ||    18
       Mephitic Cloud    |       |       |       |     4 |       ||     4
       Olgreb's Toxic Ra |       |       |       |     1 |     5 ||     6
Evoke: Wand              |       |       |       |    11 |       ||    11
  Use: Scroll            |     4 |     3 |     6 |    20 |     3 ||    36
       Potion            |       |     1 |     1 |     3 |     4 ||     9
 Stab: Sleeping          |     1 |     3 |     7 |     4 |       ||    15
  Eat: Chunk             |     2 |     5 |    12 |    20 |     7 ||    46
       Meat ration       |       |     1 |     1 |     2 |       ||     4
       Pizza             |       |       |       |     1 |       ||     1
       Fruit             |       |       |       |     9 |       ||     9
       Royal jelly       |       |       |       |     1 |       ||     1
